 Dungeon Crawl Stone Soup version 0.26-a0-466-g989023bd0d (webtiles) character file.

Game seed: 5266583040208234188

13426 HoaS the Brawler (level 12, -5/96 HPs)
             Began as a Ghoul Gladiator on Aug 9, 2020.
             Was a Priest of Makhleb.
             Slain by a komodo dragon (10 damage)
             ... on level 1 of the Lair of Beasts.
             The game lasted 00:17:54 (9302 turns).

HoaS the Brawler (Ghoul Gladiator)                  Turns: 9302, Time: 00:17:55

Health: -5/96      AC: 16    Str: 20    XL:     12   Next: 5%
Magic:  11/11      EV: 11    Int:  3    God:    Makhleb [***...]
Gold:   875        SH:  0    Dex: 19    Spells: 11/11 levels left

rFire    . . .     SeeInvis .     - Unarmed
rCold    + + .     Faith    .   (no shield)
rNeg     + + +     Spirit   .   u - +0 plate armour
rPois    ∞         Reflect  .   z - +2 hat {MR+}
rElec    .         Harm     .   (no cloak)
rCorr    .                      (no gloves)
MR       +....                  k - +1 pair of boots
Stlth    ..........             (no amulet)
HPRegen  0.00/turn              a - ring of protection from cold
MPRegen  0.12/turn              D - +6 ring of dexterity

@: no status effects
A: rotting body, claws 1, cold resistance 1, negative energy resistance 3,
inhibited regeneration, torment resistance, unbreathing
a: Minor Destruction, Lesser Servant of Makhleb, Renounce Religion


You were on level 1 of the Lair of Beasts.
You worshipped Makhleb.
Makhleb was most pleased with you.
You visited 3 branches of the dungeon, and saw 13 of its levels.

You collected 875 gold pieces.

Inventory:

Missiles
 b - 4 curare-tipped darts
 c - 3 throwing nets (quivered)
 f - 6 boomerangs
 s - 46 poisoned darts
 H - 8 atropa-tipped darts
Armour
 k - a +1 pair of boots (worn)
 u - a +0 plate armour (worn)
 z - a +2 hat of magic resistance (worn)
Jewellery
 a - a ring of protection from cold (left claw)
 n - an uncursed ring of ice
 D - a +6 ring of dexterity (right claw)
Wands
 j - a wand of flame (30)
 r - a wand of paralysis (9)
 t - a wand of clouds (14)
 w - a wand of acid (7)
 y - a wand of disintegration (46)
Scrolls
 g - 2 scrolls of teleportation
 h - 7 scrolls of remove curse
 i - a scroll of fear
 o - 4 scrolls of fog
 q - a scroll of torment {unknown}
 v - 2 scrolls of identify
 C - a scroll of enchant armour
 E - a scroll of blinking
 I - a scroll of summoning
Potions
 d - 4 potions of heal wounds
 e - 2 potions of invisibility
 l - 5 potions of might
 m - a potion of cancellation {unknown}
 p - 5 potions of flight
 x - 4 potions of curing
 A - a potion of resistance {unknown}
 B - 2 potions of lignification {unknown}
 F - 2 potions of haste {unknown}
 G - 2 potions of degeneration {unknown}


   Skills:
 + Level 6.1 Fighting
 - Level 1.7 Throwing
 + Level 4.5 Armour
 + Level 9.1 Dodging
 * Level 17.4 Unarmed Combat


You had 11 spell levels left.
You didn't know any spells.
Your spell library contained the following spells:

 Spells                   Type           Power        Failure   Level
 Animate Skeleton         Necr           #.....       100%        1
 Apportation              Tloc           #.....       100%        1
 Corona                   Hex            #......      100%        1
 Magic Dart               Conj           #...         100%        1
 Summon Small Mammal      Summ           #...         100%        1
 Blink                    Tloc           N/A          100%        2
 Call Imp                 Summ           #.......     100%        2
 Poisonous Vapours        Pois/Air       #.....       100%        2
 Slow                     Hex            #.......     100%        2
 Conjure Flame            Conj/Fire      #.......     100%        3
 Mephitic Cloud           Conj/Pois/Air  #.......     100%        3
 Freezing Cloud           Conj/Ice/Air   #.........   100%        6


Dungeon Overview and Level Annotations

Branches:
Dungeon (10/15)            Temple (1/1) D:6            Lair (2/6) D:10
  Swamp: Lair:2-4    Shoals: Lair:2-4     Snake: Lair:2-4    Spider: Lair:2-4
    Orc: D:9-12

Altars:
Ashenzari
Cheibriados
Dithmenos
Elyvilon
Fedhas
Gozag
Hepliaklqana
Kikubaaqudgha
Makhleb
Nemelex Xobeh
Okawaru
Qazlal
Ru
Sif Muna
Trog
Uskayaw
Vehumet
Wu Jian
Xom
Yredelemnul
Zin
The Shining One

Shops:
D:9 (


Innate Abilities, Weirdness & Mutations

Your body is rotting away.
You thrive by killing the living.
You are immune to poison.
You have sharp fingernails.
Your flesh is cold resistant. (rC+)
You are immune to negative energy. (rN+++)
You do not regenerate when monsters are visible.
You are immune to unholy pain and torment.
You can survive without breathing.


Message History

The komodo dragon bites you!!
You mangle the komodo dragon!!
The komodo dragon is heavily wounded.
The komodo dragon bites you!
You completely miss the komodo dragon.
The komodo dragon is heavily wounded.
You scratch the komodo dragon but do no damage.
The komodo dragon is heavily wounded.
The komodo dragon bites you but does no damage.
The komodo dragon bites you!!
* * * LOW HITPOINT WARNING * * *
You see here a throwing net.
You feel much better. The komodo dragon bites you!
* * * LOW HITPOINT WARNING * * *
The komodo dragon bites you!
* * * LOW HITPOINT WARNING * * *
The komodo dragon completely misses you.
The komodo dragon bites you but does no damage.
The komodo dragon bites you!
You die...

#.........#.##......#......#
............##.....##......#
............†#.....#......>#
P.......####.............(.#
#.......#..##.?....#.....).#
#......##...#...##.##......#
#..###..##(##..P#####.(....#
..........l.....P..........#
. ........l@.........=......
..........................
..........................
..........................
####.###...#+#.#.###......
#+ #.......... #......
#...P.......#...###
#...#.......P...###
..^...........##.


You could see 2 komodo dragons.

Vanquished Creatures
  Gastronok (D:10)
  Harold (D:10)
  A hydra (Lair:2)
  Psyche (D:8)
  3 cane toads (Lair:1)
  5 komodo dragons (Lair:1)
  4 hippogriffs
  5 blink frogs (Lair:1)
  4 yaks (D:9)
  A wyvern (D:8)
  2 wraiths (D:10)
  2 wargs (D:10)
  Edmund (D:5)
  4 water moccasins
  2 porcupines (Lair:1)
  A sky beast (D:10)
  A black bear (D:10)
  5 orc warriors
  An ice beast (D:9)
  A hornet zombie (D:10)
  6 wolves
  3 phantoms
  2 centaurs
  5 ogres
  A crocodile (Lair:1)
  A big kobold (D:9)
  A wyvern zombie (D:10)
  4 bullfrogs
  2 scorpions
  5 wights (D:8)
  3 howler monkeys (D:10)
  2 quasits (D:5)
  2 jellies
  4 hounds
  4 orc priests
  5 orc wizards
  Natasha (twice) (D:4)
  3 worker ants
  A hound zombie (D:9)
  A hound skeleton (D:9)
  A howler monkey skeleton (D:6)
  14 adders
  4 shadow imps
  3 white imps
  2 ufetubi
  2 oozes
  3 adder skeletons
  3 worms
  2 dart slugs (D:2)
  7 leopard geckos
  21 orcs
  8 giant cockroaches
  5 goblins
  A hobgoblin (D:2)
  4 jackals (D:4)
  11 kobolds
  5 quokkas
  2 ball pythons
  7 bats
  4 frilled lizards
  A quokka skeleton (D:6)
  5 rats
218 creatures vanquished.

Notes
Turn   | Place    | Note
-------+----------+-------------------------------------------
     0 | D:1      | HoaS the Ghoul Gladiator began the quest for the Orb.
     0 | D:1      | Reached XP level 1. HP: 17/17 MP: 0/0
    78 | D:1      | Reached XP level 2. HP: 24/24 MP: 1/1
    92 | D:1      | Reached skill level 4 in Unarmed Combat
   630 | D:2      | Reached XP level 3. HP: 22/29 MP: 2/2
   658 | D:2      | Found a shimmering altar of Xom.
   797 | D:2      | Found a hazy altar of Hepliaklqana.
  1214 | D:3      | Reached skill level 5 in Unarmed Combat
  1439 | D:3      | Reached skill level 12 in Unarmed Combat
  1439 | D:3      | Reached XP level 4. HP: 36/36 MP: 3/3
  1440 | D:3      | Reached skill level 15 in Unarmed Combat
  1440 | D:3      | Reached XP level 5. HP: 41/41 MP: 4/4
  1441 | D:3      | Reached XP level 6. HP: 48/48 MP: 5/5
  1486 | D:3      | Reached XP level 7. HP: 27/55 MP: 6/6
  2191 | D:4      | Noticed Natasha
  2205 | D:4      | Killed Natasha
  2268 | D:4      | Noticed Natasha
  2274 | D:4      | Killed Natasha
  2442 | D:4      | Found a shadowy altar of Dithmenos.
  2737 | D:5      | Entered Level 5 of the Dungeon
  2742 | D:5      | Reached XP level 8. HP: 61/61 MP: 7/7
  2877 | D:5      | Found a shattered altar of Ashenzari.
  2954 | D:5      | Found a shimmering blue altar of Sif Muna.
  3105 | D:5      | Noticed Edmund
  3120 | D:5      | Killed Edmund
  3494 | D:6      | Found a staircase to the Ecumenical Temple.
  3597 | D:6      | Reached XP level 9. HP: 64/67 MP: 8/8
  3852 | D:6      | Found an ancient bone altar of Kikubaaqudgha.
  4484 | Temple   | Entered the Ecumenical Temple
  4499 | Temple   | Became a worshipper of Makhleb the Destroyer
  4767 | D:7      | Found a sacrificial altar of Ru.
  5196 | D:8      | Noticed Psyche
  5206 | D:8      | Killed Psyche
  5206 | D:8      | Reached skill level 16 in Unarmed Combat
  5545 | D:8      | Reached skill level 1 in Armour
  5721 | D:8      | Reached XP level 10. HP: 74/74 MP: 9/9
  5842 | D:8      | Found a glowing silver altar of Zin.
  5843 | D:8      | Noticed an angel
  6003 | D:9      | Reached * piety under Makhleb
  6068 | D:9      | Found Asiqaigu's Weapon Shop.
  6181 | D:9      | Found a bloodstained altar of Trog.
  6352 | D:9      | Reached ** piety under Makhleb
  6962 | D:10     | Entered Level 10 of the Dungeon
  7068 | D:10     | Noticed Harold
  7077 | D:10     | Killed Harold
  7391 | D:10     | Found a staircase to the Lair.
  7441 | D:10     | Noticed Gastronok
  7461 | D:10     | Killed Gastronok
  7461 | D:10     | Reached XP level 11. HP: 85/85 MP: 10/10
  7996 | Lair:1   | Entered Level 1 of the Lair of Beasts
  8061 | Lair:1   | Reached skill level 5 in Fighting
  8223 | Lair:1   | Reached skill level 17 in Unarmed Combat
  8899 | Lair:1   | You fall into a shaft and drop 1 floor!
  8923 | Lair:2   | Noticed a four-headed hydra
  8943 | Lair:2   | Killed a four-headed hydra
  9100 | Lair:1   | Reached *** piety under Makhleb
  9100 | Lair:1   | Reached XP level 12. HP: 81/96 MP: 11/11
  9302 | Lair:1   | Slain by a komodo dragon

Illustrated notes

Levels and vault maps discovered:
D:1:      dpeg_arrival_leaves_temple_mockup, layout_basic
D:2:      layout_basic, lemuel_crystal_altar, old_standard_altar, serial_glass,
          glass_columns_c, glass_columns_a
D:3:      layout_basic
D:4:      layout_cave_pods, serial_bayou_pond_c, serial_park_tiny_2,
          minmay_misc_feat_rugged, grunt_dithmenos_shadows, uniq_natasha
D:5:      layout_cave_pods, kennysheep_mini, cheibrodos_ashenzari_chains,
          uniq_edmund
D:6:      layout_loops_ring, marbit_many_paths,
          minmay_temple_entry_drinking_statues, serial_rivers,
          chequers_serial_rivers_micro_a, chequers_serial_rivers_micro_a,
          chequers_serial_rivers_room_b, chequers_serial_rivers_micro_b,
          minmay_chambers_of_fives
D:7:      layout_loops_corners, nicolae_ru_awakened_eye
D:8:      layout_gridville, zin_angel, uniq_psyche
D:9:      layout_long_grid, overflow_temple_1_default, serial_shops,
          nicolae_shop_statue_plus, lemuel_flame_loot_1
D:10:     layout_basic, erik_lair_orcish_takeover, grunt_ministairs_2,
          uniq_gastronok, uniq_harold
Temple:   minmay_freezing_vapour_temple
Lair:1:   layout_regular_city, st_stairs_10, beast_lair_carwin_3
Lair:2:   layout_loops_ring, elwin_shoals_entry_rocks, beast_lair_carwin_9,
          infiniplex_staircase_pool_2, grunt_megastairs_3

Skill      XL: |  1  2  3  4  5  6  7  8  9 10 11 |
---------------+----------------------------------+-----
Unarmed Combat | 4 12 15 16 17 | 17.4
Dodging        | 7 8 9 |  9.1
Armour         | 1 3 4 |  4.5
Fighting       | 4 6 |  6.1
Throwing       | |  1.7

Action                   |  1- 3 |  4- 6 |  7- 9 | 10-12 || total
-------------------------+-------+-------+-------+-------++-------
Melee: Unarmed           |    83 |     5 |   238 |   326 ||   652
       Punch             |     1 |       |    15 |    20 ||    36
Throw: Throwing net      |       |       |       |     1 ||     1
Evoke: Wand              |       |       |     4 |     1 ||     5
  Use: Scroll            |    10 |     1 |     7 |     9 ||    27
       Potion            |     1 |     2 |       |     2 ||     5
 Stab: Held in net/web   |       |       |       |     1 ||     1
Armor: Leather armour    |    16 |       |       |       ||    16
       Ring mail         |    11 |       |       |       ||    11
       Chain mail        |    17 |     5 |    40 |       ||    62
       Plate armour      |       |       |    71 |   125 ||   196
Dodge: Dodged            |    35 |     2 |    68 |   133 ||   238

Table legend: (Time is in decaauts)
 A = Elapsed time spent in this place.
 B = Non-inter-level travel time spent in this place.
 C = Inter-level travel time spent in this place.
 D = Time resting spent in this place.
 E = Time spent auto-exploring this place.
 F = Levels seen in this place.
 G = Mean time per level.
                   A        B        C        D        E       F      G
               +--------+--------+--------+--------+--------+-----+--------+
         Total |   9142 |   8852 |    290 |   1408 |   6140 |  13 |  703.2 |
       Dungeon |   7867 |   7579 |    288 |    724 |   5759 |  10 |  786.7 |
        Temple |     20 |     20 |      0 |      0 |     10 |   1 |   20.0 |
          Lair |   1254 |   1254 |      0 |    684 |    371 |   2 |  627.0 |
               +--------+--------+--------+--------+--------+-----+--------+

Top non-repeatable levels by time:
  Lair:1: 1093 daAuts
     D:6: 1016 daAuts
    D:10: 1013 daAuts
     D:9: 979 daAuts
     D:4: 843 daAuts
     D:8: 751 daAuts
     D:5: 726 daAuts
     D:3: 676 daAuts
     D:7: 660 daAuts
     D:1: 603 daAuts
     D:2: 595 daAuts
  Lair:2: 161 daAuts
  Temple: 20 daAuts
